AoeStats
← Ux'Combita

African Clearing

512831878Analyzed
4v4 RM · 8d ago on Oct 11, 2026· 33m 21s· 8 players
Game mode
Random Map
Map size
Large (8 player)
Population
200
Speed
Normal
Resources
Standard
Victory
Conquest
Starting age
Dark Age
Ending age
Imperial Age
RankedLock teamsTeams togetherTeam positionsShared explorationLock speedFull tech treeHidden civsTurbo modeCheats
Victory
Defeat
🇺🇸 Vikings · United States
1623
+18
🇺🇸 Magyars · United States
1577
+19
🇦🇺 Sicilians · Australia
1533
+21
🇺🇸 Georgians · United States
1520
+21
vs
🇲🇽 Aztecs · Mexico
1711
-22
🇲🇽 Tupi · Mexico
1676
-21
🇲🇽 Armenians · Mexico
1613
-18
🇲🇽 Bengalis · Mexico
1611
-18
Thundernips, The Ultimate Gigolo
5:55 Loom
13:51 Feudal Age
17:41 Castle Age
17:08 Scale Barding Armor
17:30 Double-Bit Axe
17:51 Double-Bit Axe
20:06 Husbandry
22:37 Chain Barding Armor
23:52 Bloodlines
32:36 Imperial Age
30:13 Horse Collar
30:47 Bow Saw
32:35 Wheelbarrow
34:12 Plate Barding Armor
Gideon the Hero
3:11 Loom
caterpie
10:39 Loom
12:36 Feudal Age
17:23 Castle Age
16:17 Double-Bit Axe
17:38 Fletching
18:11 Crossbowman
20:27 Bodkin Arrow
26:48 Scale Mail Armor
30:24 Horse Collar
33:54 Imperial Age
32:05 Chain Mail Armor
32:33 Forging
NOCHAT_WhatNow?
3:34 Loom
4:13 Loom
4:19 Loom
9:55 Loom
20:08 Feudal Age
22:35 Fletching
27:44 Town Watch
28:54 Padded Archer Armor
31:59 Castle Age
32:50 Wheelbarrow
32:39 Double-Bit Axe
32:23 Crossbowman
33:04 Bodkin Arrow
Tiburoncin UAA
7:03 Loom
Ux'Combita
12:31 Feudal Age
16:18 Castle Age
14:18 Double-Bit Axe
14:32 Loom
16:19 Horse Collar
16:33 Gold Mining
17:37 Bow Saw
25:18 Town Watch
25:35 Heavy Plow
30:10 Wheelbarrow
29:53 Forging
33:24 Imperial Age
31:57 Hand Cart
32:12 Scale Mail Armor
33:23 Iron Casting
32:09 Man-at-Arms
32:35 Gambesons
32:50 Squires
32:35 Arson
33:42 Chain Mail Armor
Ux'Uzzi
7:55 Loom
14:11 Feudal Age
15:26 Town Watch
18:20 Castle Age
16:53 Double-Bit Axe
19:26 Bow Saw
19:35 Fishing Lines
24:50 Horse Collar
27:04 Gillnets
31:39 Imperial Age
29:01 Eagle Warrior
30:36 Gold Mining
31:22 Wheelbarrow
31:16 Scale Mail Armor
31:49 Elite Eagle Warrior
33:18 Chain Mail Armor
Ux´Combito
10:36 Loom
19:03 Feudal Age
26:09 Castle Age
24:57 Double-Bit Axe
Connection lost

Rejoining the realm…

Still unreachable

The connection could not be restored.

Session expired

The server has moved on; the page needs a fresh start.